 Dungeon Crawl Stone Soup version 0.31.0-12-g77e489cdc1 (webtiles) character file.

Game seed: 15343867603573677842

48 Metae the Trooper (level 3, -10/33 HPs)
             Began as a Minotaur Fighter on Mar 3, 2024.
             Killed by nerve-wracking pain
             ... invoked by an orc priest
              (13 damage)
             ... on level 2 of the Dungeon.
             The game lasted 00:03:04 (1508 turns).

Metae the Trooper (Minotaur Fighter)                Turns: 1508, Time: 00:03:04

Health: -10/33     AC:  7    Str: 22    XL:     3   Next: 50%
Magic:  2/2        EV:  9    Int: 11    God:
Gold:   56         SH:  4    Dex:  9    Spells: 2/2 levels left

rFire   . . .        a - +0 trident
rCold   . . .        c - +0 buckler
rNeg    . . .        b - +0 scale mail
rPois   .            (helmet restricted)
rElec   .            (no cloak)
rCorr   .            (no gloves)
SInv    .            (no boots)
Will    .....        (no amulet) Stlth
                     g - +6 ring of intelligence
HPRegen 0.25/turn    (no ring)
MPRegen 0.08/turn

%: no passive effects
@: no status effects
A: horns 2, retaliatory headbutt
a: no special abilities


You were on level 2 of the Dungeon.
You visited 1 branch of the dungeon, and saw 2 of its levels.

You collected 56 gold pieces.

Inventory:

Hand Weapons
 a - a +0 trident (weapon)
Armour
 b - a +0 scale mail (worn)
 c - a +0 buckler (worn)
Jewellery
 g - a +6 ring of intelligence (left hand)
Scrolls
 e - a scroll of fear {unknown}
 i - 3 scrolls of teleportation {unknown}
 j - 2 scrolls of identify {unknown}
 l - a scroll of enchant armour {unknown}
 o - a scroll of vulnerability {unknown}
 p - a scroll of immolation {unknown}
Potions
 d - a potion of might
 f - a potion of degeneration {unknown}
 h - a potion of lignification {unknown}
 k - a potion of invisibility {unknown}
 m - a potion of magic {unknown}
 n - a potion of brilliance {unknown}
 q - a potion of curing {unknown}


   Skills:
 + Level 4.1 Fighting
 + Level 3.0 Polearms
 + Level 4.1 Armour
 + Level 1.2 Dodging
 + Level 4.0 Shields


You had 2 spell levels left.
You didn't know any spells.
Your spell library was empty.

Dungeon Overview and Level Annotations

Branches:
Dungeon (2/15)

Altars:


Innate Abilities, Weirdness & Mutations

You have a pair of horns on your head.
You reflexively headbutt those who attack you in melee.


Message History

q - a murky coppery potion An orc priest and 3 orcs come into view.
The orc shouts!
The orc priest shouts!
The orc shouts!
An orc priest comes into view. It is wielding a +0 trident.
You hit the orc but do no damage. You headbutt the orc!
You kill the orc!
The orc priest mumbles some strange prayers to Beogh against you.
Beogh smites you!
You closely miss the orc. You headbutt the orc.
You kill the orc!
You reach to attack!
You barely miss the orc. You hit the orc but do no damage.
The orc hits you but does no damage. The orc barely misses you.
You hit the orc.
The orc is heavily wounded.
The orc barely misses you. You furiously retaliate!
You headbutt the orc!
You kill the orc!
You hit the orc priest but do no damage.
The orc priest hits you with a +0 short sword.
You puncture the orc priest! Your headbutt misses the orc priest.
The orc priest is severely wounded.
The orc priest mumbles some strange prayers to Beogh against you.
Beogh smites you!
* * * LOW HITPOINT WARNING * * *
The orc priest closely misses you.
You are too injured to fight recklessly!
You closely miss the orc priest.
The orc priest is severely wounded.
The orc priest hits you but does no damage.
You block the orc priest's attack.
You hit the orc priest but do no damage.
The orc priest is severely wounded.
The orc priest hits you with a +0 short sword.
* * * LOW HITPOINT WARNING * * *
The orc priest hits you from afar with a +0 trident.
* * * LOW HITPOINT WARNING * * *
The orc priest looks encouraged for a moment.
The orc priest calls down the wrath of Beogh upon you.
Pain shoots through your body!
You die...

# #..).#.# #.##.##.#.##
###########.#..#.#
#.##.##.#.#
............#..#.#
#.##.##.#.#
###########.#..#.#
#.##.##.#.#
............#..#.#
#.##.##.#.#
###########.#..#.#
#.##.##.#.# #.#..#.#
#†##.##.#.# #.#..#.#
#.##.##.#.# #.#..#@#
#.......#.# ### #.#..#.#
#######.#.## ..#
#.#..#.# #.#.#. #.#
#....#o# #.#.#.
#.###########.##o#
#.#...
#......^.....).#.)......
..#.#.
################.#######
###.#. ### ####


You could see 2 orc priests.

Vanquished Creatures
  A dart slug (D:2)
  3 orcs (D:2)
  2 ball pythons
  6 endoplasms
  A giant cockroach (D:1)
  3 goblins
  2 hobgoblins (D:2)
  8 jackals (D:1)
  A quokka (D:2)
  4 bats
  4 frilled lizards
  A kobold (D:2)
36 creatures vanquished.

Notes
Turn   | Place    | Note
-------+----------+-------------------------------------------
     0 | D:1      | Metae the Minotaur Fighter began the quest for the Orb.
     0 | D:1      | Reached XP level 1. HP: 19/19 MP: 0/0
   272 | D:1      | Found a faded altar of an unknown god.
   303 | D:1      | Reached XP level 2. HP: 20/27 MP: 1/1
   430 | D:1      | Reached skill level 1 in Dodging
   843 | D:2      | Reached XP level 3. HP: 33/33 MP: 2/2
  1508 | D:2      | Killed from afar by an orc priest

Illustrated notes

Levels and vault maps discovered:
D:1:      nicolae_arrival_somewhat_less_tricky_arrival, layout_loops_ring,
          basic_ecumenical_altar, minmay_pentomino_x4
D:2:      layout_basic, nicolae_twisty_statue_hallways

Skill      XL: |  1  2  3 |
---------------+----------+-----
Dodging        | 1 |  1.2
Fighting       | 4 |  4.1
Armour         | 4 |  4.1
Shields        | 4 |  4.0
Polearms       | 3 |  3.0

Action                     || total
---------------------------++-------
  Melee: Trident           ||    73
         Headbutt          ||     4
 Armour: Scale mail        ||    29
  Dodge: Dodged            ||    20
  Block: Buckler           ||     9
